 Dungeon Crawl Stone Soup version 0.31-a0-875-g02e7d12df6 (webtiles) character file.

Game seed: 15904378508806880719

219 Danienth the Cutter (level 5, -14/46 HPs)
             Began as a Deep Elf Enchanter on Oct 12, 2023.
             Was an Initiate of Gozag.
             Demolished by Pikel
             ... wielding a +0 whip of electrocution
              (18 damage)
             ... on level 4 of the Dungeon.
             The game lasted 00:12:42 (4209 turns).

Danienth the Cutter (Deep Elf Enchanter)            Turns: 4209, Time: 00:12:43

Health: -14/46     AC:  4    Str:  5    XL:     5   Next: 64%
Magic:  10/11      EV: 11    Int: 22    God:    Gozag
Gold:   32         SH:  0    Dex: 15    Spells: 1/10 levels left

rFire   . . .        a - +1 dagger
rCold   . . .        (no shield)
rNeg    . . .        n - +0 leather armour
rPois   .            (no helmet)
rElec   .            h - +0 cloak
rCorr   .            (no gloves)
SInv    .            (no boots)
Will    +....        (no amulet) Stlth
                     k - ring of willpower
HPRegen 0.27/turn    (no ring)
MPRegen 0.12/turn

%: no passive effects
@: berserking, very quick
A: no striking features
a: Renounce Religion, Potion Petition, Call Merchant, Bribe Branch


You were on level 4 of the Dungeon.
You worshipped Gozag.
Gozag was noncommittal.
You visited 1 branch of the dungeon, and saw 4 of its levels.

You collected 136 gold pieces.
You spent 70 gold pieces at shops.
You paid 34 gold pieces to Gozag.

Inventory:

Hand Weapons
 a - a +1 dagger (weapon)
Missiles
 o - 5 poisoned darts
Armour
 b - a +0 robe
 d - a scarf of resistance
 h - a +0 cloak (worn)
 n - a +0 leather armour (worn)
Jewellery
 k - a ring of willpower (left hand)
Wands
 r - a wand of digging (1)
Scrolls
 f - a scroll of enchant weapon {unknown}
 i - a scroll of identify
 l - a scroll of fear {unknown}
 p - a scroll of immolation {unknown}
 q - a scroll of revelation {unknown}
 t - a scroll of torment {unknown}
Potions
 c - a potion of heal wounds
 g - a potion of lignification {unknown}
 j - a potion of magic {unknown}
 m - a potion of resistance {unknown}
 s - a potion of degeneration {unknown}


   Skills:
 + Level 2.4 Fighting
 * Level 4.6 Short Blades
 - Level 2.4 Dodging
 - Level 3.6 Stealth
 - Level 3.0 Spellcasting
 - Level 4.0 Hexes


You had one spell level left.
You knew the following spells:

 Your Spells              Type           Power      Damage    Failure   Level
a - Ensorcelled Hibernat  Hex/Ice        24%        N/A       14%         2
b - Confusing Touch       Hex            21%        N/A       12%         3
c - Tukima's Dance        Hex            21%        N/A       12%         3
d - Magic Dart            Conj           12%        1d3       21%         1

Your spell library contained the following spells:

 Spells                   Type           Power      Damage    Failure   Level
 Necrotise                Necr           12%        1d4       21%         1
 Dazzling Flash           Conj/Hex       24%        N/A       26%         3
 Searing Ray              Conj           6%         2d4       30%         2
 Vampiric Draining        Necr           3%         2d6       52%         3
 Fulminant Prism          Conj/Hex       6%         3d7       65%         4
 Agony                    Necr           3%         N/A       99%         5


Dungeon Overview and Level Annotations

Branches:
Dungeon (4/15)
 Temple: D:4-7

Altars:
Gozag
Zin

Shops:
D:2 !

Annotations:
D:4 Pikel


Message History

The lemure barely misses you. x2
Hit: a) +1 dagger
Press: ? - help, Dir - move target, f/p - Pikel
Aim: Pikel, wielding a +0 whip of electrocution and wearing a +0 robe (moderately wounded, about 39% to evade your +1 dagger)
You hit Pikel.
Pikel is heavily wounded.
Hit: a) +1 dagger
Press: ? - help, Dir - move target, f/p - Pikel
Aim: Pikel, wielding a +0 whip of electrocution and wearing a +0 robe (heavily wounded, about 39% to evade your +1 dagger)
You hit Pikel.
Pikel is severely wounded.
Pikel hits you with a +0 whip of electrocution.
* * * LOW HITPOINT WARNING * * *
The lemure hits you.
* * * LOW HITPOINT WARNING * * *
The lemure closely misses you.
Hit: a) +1 dagger
Press: ? - help, Dir - move target, f/p - Pikel
Aim: Pikel, wielding a +0 whip of electrocution and wearing a +0 robe (heavily wounded, about 39% to evade your +1 dagger)
You completely miss Pikel.
Pikel is heavily wounded.
Hit: a) +1 dagger
Press: ? - help, Dir - move target, f/p - Pikel
Aim: Pikel, wielding a +0 whip of electrocution and wearing a +0 robe (heavily wounded, about 39% to evade your +1 dagger)
You closely miss Pikel.
Pikel is heavily wounded.
Pikel closely misses you. The lemure barely misses you.
The lemure hits you but does no damage.
You are too berserk!
Hit: a) +1 dagger
Press: ? - help, Dir - move target, f/p - Pikel
Aim: Pikel, wielding a +0 whip of electrocution and wearing a +0 robe (heavily wounded, about 39% to evade your +1 dagger)
You closely miss Pikel.
Pikel is heavily wounded.
Pikel hits you with a +0 whip of electrocution.
* * * LOW HITPOINT WARNING * * *
You are electrocuted!!
You die...
Pikel says, "See you in Hell!"
Your body crumbles into a pile of gold.

.#..#
#.#.......##.#
#.####.# .##.#
#.#.....####.#
#.####.# .##.#
#.##...## #.#
#....#.#
.##.###.###...
..###.##.#.#
....<...##...##
###......#.#
###.#####.....#
#..).....# #.#
......# #......###
..#
<.....5####.....##
....
.....5K@........#
....#
.....55####...###
#.#.# ......#
##..# ###.# ...$.#
##.# #...# #.#
##+# #.# #.# #.#
#.#


You could see Pikel and 4 lemures.

Vanquished Creatures
  A hound (D:3)
  Natasha (twice) (D:3)
  7 adders
  A worm (D:3)
  6 dart slugs
  2 orcs
  4 endoplasms
  A giant cockroach (D:3)
  8 hobgoblins
  5 kobolds
  5 quokkas
  7 ball pythons
  7 bats
  A frilled lizard (D:2)
  3 goblins
  7 rats
67 creatures vanquished.

Notes
Turn   | Place    | Note
-------+----------+-------------------------------------------
     0 | D:1      | Danienth the Deep Elf Enchanter began the quest for the
                  | Orb.
     0 | D:1      | Reached XP level 1. HP: 10/10 MP: 6/6
   441 | D:1      | Reached XP level 2. HP: 11/16 MP: 8/8
  1371 | D:2      | Reached skill level 1 in Fighting
  1468 | D:2      | Reached XP level 3. HP: 20/20 MP: 9/9
  1533 | D:2      | HP: 1/20 [poisoned by an adder]
  2007 | D:2      | HP: 1/20 [poisoned by an adder]
  2209 | D:2      | Learned a level 2 spell: Ensorcelled Hibernation
  2213 | D:2      | Learned a level 3 spell: Confusing Touch
  2217 | D:2      | Learned a level 3 spell: Tukima's Dance
  2374 | D:2      | Found Ammoemoa's Distillery.
  2608 | D:2      | Reached XP level 4. HP: 25/25 MP: 10/10
  2649 | D:2      | Bought a potion of heal wounds for 70 gold pieces
  2947 | D:3      | Learned a level 1 spell: Magic Dart
  2987 | D:3      | Found an opulent altar of Gozag.
  3022 | D:3      | Noticed Natasha
  3029 | D:3      | Killed Natasha
  3030 | D:3      | Reached XP level 5. HP: 24/30 MP: 2/11
  3244 | D:3      | Found a glowing silver altar of Zin.
  3736 | D:3      | Noticed Natasha
  3750 | D:3      | Killed Natasha
  4018 | D:3      | Became a worshipper of Gozag Ym Sagoz the Greedy
  4192 | D:4      | Noticed Pikel
  4192 | D:4      | Noticed a lemure
  4192 | D:4      | Noticed a lemure
  4192 | D:4      | Noticed a lemure
  4193 | D:4      | Noticed a lemure
  4209 | D:4      | Demolished by Pikel

Illustrated notes

Levels and vault maps discovered:
D:1:      evilmike_arrival_hilbert_curve, layout_basic, minivault_11
D:2:      layout_loops_ring, serial_shops, shop, amethyst_killhole,
          roderic_nine_men_s_morris
D:3:      layout_loops_ring, pdpol_temple_overflow_zin_treasury_gozag_greed,
          uniq_natasha
D:4:      layout_loops_corners, dk_noncrumbling_4, serial_bayou_crossing,
          uniq_pikel

Skill      XL: |  1  2  3  4 |
---------------+-------------+-----
Short Blades   | 2 3 4 |  4.6
Fighting       | 1 2 |  2.4
Dodging        | |  2.4
Stealth        | |  3.6
Spellcasting   | |  3.0
Hexes          | |  4.0

Action                     |  1- 3 |  4- 6 || total
---------------------------+-------+-------++-------
  Melee: Dagger            |   162 |    87 ||   249
         Punch             |     1 |       ||     1
   Cast: Ensorcelled Hiber |     1 |    24 ||    25
    Use: Potion            |     2 |     1 ||     3
         Scroll            |       |     1 ||     1
   Stab: Sleeping          |    12 |    20 ||    32
         Invisible         |     1 |       ||     1
 Armour: Robe              |    57 |       ||    57
         Leather armour    |    17 |    44 ||    61
  Dodge: Dodged            |    94 |    51 ||   145

Table legend: (Time is in decaauts)
 A = Elapsed time spent in this place.
 B = Non-inter-level travel time spent in this place.
 C = Inter-level travel time spent in this place.
 D = Time resting spent in this place.
 E = Time spent auto-exploring this place.
 F = Levels seen in this place.
 G = Mean time per level.
                   A        B        C        D        E       F      G
               +--------+--------+--------+--------+--------+-----+--------+
         Total |   4171 |   3607 |    564 |    529 |   2453 |   4 | 1042.8 |
       Dungeon |   4171 |   3607 |    564 |    529 |   2453 |   4 | 1042.8 |
               +--------+--------+--------+--------+--------+-----+--------+

Top non-repeatable levels by time:
     D:1: 1648 daAuts
     D:3: 1201 daAuts
     D:2: 1187 daAuts
     D:4: 134 daAuts
